[Event "Team 45 45 League T64"]
[Site "Internet Chess Club"]
[Date "2015.03.12"]
[Round "1"]
[White "RubberDuck"]
[Black "alexping"]
[Result "1/2-1/2"]
[WhiteElo "1885"]
[BlackElo "1886"]
[Opening "Caro-Kann: exchange, Rubinstein variation"]
[ECO "B13"]
[Time "12:12:41"]
[TimeControl "2700+45"]

1. e4 c6 2. d4 d5 3. exd5 cxd5 4. Bd3 Nc6 5. c3 Nf6 6. Bf4 Bg4 7. Qb3 Qd7 8. Nd2
Nh5 9. Be3 Qc7 10. Ngf3 e6 11. O-O Bd6 12. h3 Bxf3 13. Nxf3 O-O 14. Rae1 Nf4 15.
Qc2 Nxd3 16. Qxd3 h6 17. b3 Rac8 18. Rc1 Ba3 19. Rb1 Bd6 20. Bd2 Rfe8 21. Rbc1
Ba3 22. Rb1 {Game drawn by mutual agreement} 1/2-1/2

[Event "Team 45 45 League T64"]
[Site "Internet Chess Club"]
[Date "2015.03.08"]
[Round "1"]
[White "bobhill"]
[Black "fledermaus"]
[Result "1-0"]
[WhiteElo "1885"]
[BlackElo "1833"]
[Opening "Queen's bishop game"]
[ECO "D02"]
[Time "15:36:31"]
[TimeControl "2700+45"]

1. d4 d5 2. Nf3 Nf6 3. Bf4 c5 4. e3 Nc6 5. c3 Qb6 6. Qb3 c4 7. Qxb6 axb6 8. Nbd2
b5 9. Be2 b4 10. O-O Bf5 11. Ne5 e6 12. h3 h6 13. Rfe1 bxc3 14. bxc3 Ba3 15.
Nexc4 dxc4 16. Nxc4 Ne4 17. Nxa3 Rxa3 18. Rab1 g5 19. Bh2 Nxc3 20. Rxb7 Nxe2+
21. Rxe2 Rc3 22. Bd6 Nd8 23. Re7+ Kf8 24. Rc7+ {Black resigns} 1-0

[Event "Team 45 45 League T64"]
[Site "Internet Chess Club"]
[Date "2015.03.09"]
[Round "1"]
[White "jonesey"]
[Black "misuc56"]
[Result "1/2-1/2"]
[WhiteElo "1853"]
[BlackElo "1822"]
[Opening "English: symmetrical, Botvinnik system"]
[ECO "B20"]
[Time "15:00:22"]
[TimeControl "2700+45"]

1. e4 c5 2. c4 g6 3. g3 Bg7 4. Bg2 Nc6 5. Nc3 d6 6. Nge2 Bg4 7. h3 Bd7 8. O-O
Nd4 9. d3 a6 10. Rb1 Rb8 11. a3 Qc8 12. Kh2 b5 13. cxb5 axb5 14. b4 cxb4 15.
Rxb4 Nxe2 16. Nxe2 Nf6 17. Bb2 O-O 18. e5 Ne8 19. d4 dxe5 20. dxe5 Nc7 21. Qa1
Be6 22. Rc1 Bc4 23. Nd4 Qe8 24. Bc6 Qd8 25. Bg2 Na6 26. Nc6 Qc7 27. Nxb8 Nxb4
28. axb4 Qxb8 29. f4 h5 30. h4 e6 31. Rd1 Rd8 32. Rxd8+ Qxd8 33. Qa8 Qxa8 34.
Bxa8 Bf8 35. Bc3 Be7 36. Bc6 Kf8 37. Kg1 Kg7 {Game drawn by mutual agreement}
1/2-1/2

[Event "Team 45 45 League T64"]
[Site "Internet Chess Club"]
[Date "2015.03.09"]
[Round "1"]
[White "Beetlejuice"]
[Black "Innes"]
[Result "1-0"]
[WhiteElo "1847"]
[BlackElo "1628"]
[Opening "QGD: exchange, positional line, 6.Qc2"]
[ECO "D36"]
[Time "16:15:32"]
[TimeControl "2700+45"]

1. d4 Nf6 2. c4 e6 3. Nc3 d5 4. cxd5 exd5 5. Bg5 c6 6. Qc2 Bb4 7. e3 h6 8. Bh4
O-O 9. Bd3 Bxc3+ 10. bxc3 Re8 11. Ne2 Be6 12. O-O Nbd7 13. f3 Qc7 14. e4 dxe4
15. fxe4 b5 16. Rae1 Rac8 17. Kh1 Qa5 18. h3 Bc4 19. Bxc4 bxc4 20. e5 Nd5 21.
Qf5 Ne3 22. Qxf7+ Kh8 23. Qxd7 Nxf1 24. Rxf1 Qxa2 25. Nf4 Qc2 26. Ne6 Rg8 27.
Nxg7 Rb8 28. Bf6 Kh7 29. Nh5+ Kg6 30. Nf4# {Black checkmated} 1-0

[Event "Team 45 45 League T64"]
[Site "Internet Chess Club"]
[Date "2015.03.09"]
[Round "1"]
[White "CaoCao"]
[Black "SAC2001"]
[Result "1-0"]
[WhiteElo "1942"]
[BlackElo "1805"]
[Opening "King's gambit"]
[ECO "C30"]
[Time "20:44:48"]
[TimeControl "2700+45"]

1. e4 e5 2. f4 d6 3. Nf3 Nc6 4. Bb5 Ne7 5. d3 a6 6. Ba4 b5 7. Bb3 Be6 8. Bxe6
fxe6 9. fxe5 Nxe5 10. Nxe5 dxe5 11. O-O Nc6 12. Be3 Qd7 13. Nd2 Be7 14. Nf3 O-O
15. a3 Rad8 16. Qd2 Nd4 17. Bxd4 exd4 18. a4 b4 19. b3 c5 20. Ne5 Qc7 21. Nc4 e5
22. Qe2 Bf6 23. Qg4 Qe7 24. Rf3 Rb8 25. Raf1 Kh8 26. h4 Rbe8 27. h5 h6 28. Qf5
Kg8 29. Qg6 Rf7 30. Nb6 Ref8 31. Nd5 Qd6 32. g4 Qe6 33. Rf5 Qd6 34. g5 hxg5 35.
h6 Qe6 36. hxg7 a5 37. gxf8=Q+ Kxf8 38. Qxf7+ {Black resigns} 1-0

[Event "Team 45 45 League T64"]
[Site "Internet Chess Club"]
[Date "2015.03.04"]
[Round "1"]
[White "LiangLiang"]
[Black "achessman"]
[Result "0-1"]
[WhiteElo "1896"]
[BlackElo "1982"]
[Opening "Petrov: classical attack, Chigorin variation"]
[ECO "C42"]
[Time "21:02:35"]
[TimeControl "2700+45"]

1. e4 e5 2. Nf3 Nf6 3. Nxe5 d6 4. Nf3 Nxe4 5. d4 d5 6. Bd3 Nc6 7. O-O Be7 8. Re1
Bg4 9. Bxe4 dxe4 10. Rxe4 f5 11. Re1 Bxf3 12. Qxf3 Qxd4 13. Qxf5 Rf8 14. Qh5+ g6
15. Qe2 O-O-O 16. Nc3 Bb4 17. Be3 Qh4 18. a3 Bd6 19. g3 Qh3 20. Rad1 Ne5 21. f4
Ng4 22. Qg2 Qh5 23. Bd4 Bc5 24. Re4 Nf6 25. Bxc5 Rxd1+ 26. Nxd1 Qxc5+ 27. Re3
Rd8 28. Qe2 Rxd1+ 29. Qxd1 Qxe3+ 30. Kg2 h5 31. h3 Ne4 {White resigns} 0-1

[Event "Team 45 45 League T64"]
[Site "Internet Chess Club"]
[Date "2015.03.06"]
[Round "1"]
[White "rl154"]
[Black "Constrictor"]
[Result "0-1"]
[WhiteElo "1445"]
[BlackElo "1658"]
[Opening "Ruy Lopez: Cozio defense"]
[ECO "C60"]
[Time "20:02:14"]
[TimeControl "2700+45"]

1. e4 e5 2. Nf3 Nc6 3. Bb5 Nge7 4. d4 exd4 5. Nxd4 Nxd4 6. Qxd4 Nc6 7. Bxc6 bxc6
8. Qe5+ Qe7 9. Qxe7+ Bxe7 10. Nc3 Ba6 11. Bf4 O-O-O 12. Rb1 Rhe8 13. b4 Bf6 14.
Bd2 Bxc3 15. Bxc3 Rxe4+ 16. Kd1 f6 17. a4 Rde8 18. b5 cxb5 19. axb5 Bb7 20. Bd2
Rg4 21. Be3 Rxg2 22. Bxa7 Rxf2 23. Re1 Bf3+ {White resigns} 0-1

[Event "Team 45 45 League T64"]
[Site "Internet Chess Club"]
[Date "2015.03.06"]
[Round "1"]
[White "TileGuy"]
[Black "f5"]
[Result "1/2-1/2"]
[WhiteElo "1814"]
[BlackElo "2049"]
[Opening "Ruy Lopez: closed, center attack"]
[ECO "C84"]
[Time "22:01:11"]
[TimeControl "2700+45"]

1. e4 e5 2. Nf3 Nc6 3. Bb5 a6 4. Ba4 Nf6 5. O-O Be7 6. d4 exd4 7. e5 Ne4 8. Nxd4
Nc5 9. Bxc6 dxc6 10. Be3 O-O 11. Nd2 Re8 12. f4 Bf8 13. c4 Ne6 14. N2f3 Nxd4 15.
Nxd4 c5 16. Ne2 Bg4 17. Qc2 f6 18. h3 Bxe2 19. Qxe2 fxe5 20. fxe5 Rxe5 21. Qf3
Qe8 22. Bf4 Re4 23. Bxc7 Qe6 24. b3 Re8 25. Rad1 Be7 26. Ba5 Rf8 27. Rd8 Rxd8
28. Bxd8 Re3 29. Qf2 Bd6 30. Bc7 Be7 31. Bd8 h6 32. Bxe7 Qxe7 33. Qf5 Re5 34.
Qc8+ Kh7 35. Qf8 Qd7 36. Rf2 b5 37. Qf4 Qe6 38. cxb5 axb5 39. Qf7 Qd6 40. Qf4 b4
41. g4 Re1+ 42. Kg2 Qd5+ 43. Qf3 Qxf3+ 44. Kxf3 Kg6 45. Kf4 Kf6 46. h4 g5+ 47.
hxg5+ hxg5+ 48. Kg3+ Ke6 49. Kf3 Ke5 50. Rc2 Kd5 51. Rd2+ Kc6 52. Rg2 Rd1 53.
Ke4 Rf1 54. Ke5 Rf4 55. Ke6 Kb5 56. Kd5 c4 57. bxc4+ Rxc4 58. Rb2 Rc3 59. Kd4
Rg3 60. Ke5 Rf3 61. Rb3 Rf4 62. a3 {Game drawn by mutual agreement} 1/2-1/2

[Event "Team 45 45 League T64"]
[Site "Internet Chess Club"]
[Date "2015.03.11"]
[Round "1"]
[White "ANGELLR"]
[Black "PuzzleMaster"]
[Result "0-1"]
[WhiteElo "1885"]
[BlackElo "1944"]
[Opening "Grünfeld: Stockholm variation"]
[ECO "D80"]
[Time "17:04:39"]
[TimeControl "2700+45"]

1. d4 Nf6 2. c4 g6 3. Nc3 d5 4. Bg5 Ne4 5. Nxe4 dxe4 6. e3 Bg7 7. Qd2 c5 8. d5
Qb6 9. Rb1 Nd7 10. Ne2 Ne5 11. Nc3 h6 12. Bh4 g5 13. Bg3 Bf5 14. Be2 Rd8 15. O-O
e6 16. Na4 Qc7 17. Rfd1 O-O 18. Nc3 b6 19. Qc2 Qb7 20. Nxe4 Bg6 21. f4 exd5 22.
cxd5 Rxd5 23. f5 Bxf5 24. Nf6+ Bxf6 25. Qxf5 Rxd1+ 26. Rxd1 Qe7 27. e4 Bg7 28.
Rd5 Nc6 29. Bd6 Qe6 30. Bxf8 Kxf8 31. Qxe6 fxe6 32. Rd6 Nd4 33. Rd8+ Ke7 34. Ra8
Nxe2+ 35. Kf2 Nd4 36. Rxa7+ Kf8 37. Rb7 b5 38. Ke3 Be5 39. g3 c4 40. a3 Ke8 41.
Rh7 Nb3 42. Rxh6 Kd7 43. Rg6 Bxb2 44. h4 gxh4 45. gxh4 Bxa3 46. h5 Bc1+ 47. Ke2
Nd4+ 48. Kd1 Bb2 49. h6 c3 50. Rg1 c2+ 51. Kd2 c1=Q+ 52. Rxc1 Bxc1+ 53. Kxc1
Ne2+ 54. Kd2 Nf4 55. h7 Ng6 56. Kc3 e5 57. Kb4 Kc6 58. Kb3 Kc5 59. Kc3 b4+ 60.
Kd3 Nh8 61. Kc2 Kc4 62. Kb2 b3 63. Kb1 Kc3 64. Kc1 Ng6 65. Kb1 b2 66. Ka2 Kc2
{White resigns} 0-1

[Event "Team 45 45 League T64"]
[Site "Internet Chess Club"]
[Date "2015.03.08"]
[Round "1"]
[White "nikenwidiartto"]
[Black "santiagoelawad"]
[Result "1-0"]
[WhiteElo "2053"]
[BlackElo "2042"]
[Opening "Caro-Kann: exchange variation"]
[ECO "B13"]
[Time "09:14:14"]
[TimeControl "2700+45"]

1. e4 c6 2. d4 d5 3. exd5 cxd5 4. Bd3 Nc6 5. c3 Qc7 6. h3 g6 7. Nf3 Bf5 8. Bxf5
gxf5 9. O-O Nf6 10. Re1 e6 11. Ne5 Nxe5 12. Rxe5 Bd6 13. Re1 Rg8 14. Na3 a6 15.
Bd2 Ne4 16. Nc2 O-O-O 17. a4 Bh2+ 18. Kf1 Nxf2 19. Kxf2 Qg3+ 20. Ke2 Qxg2+ 21.
Kd3 Rg3+ 22. Be3 f4 23. Re2 Qe4+ 24. Kd2 fxe3+ 25. Nxe3 Rxe3 26. Rxe3 Bf4 27.
Qg1 Bxe3+ 28. Qxe3 Qxe3+ 29. Kxe3 Rg8 30. Kf3 Kd7 31. Re1 f6 32. Re2 h5 33. b3
h4 34. Rg2 Rxg2 35. Kxg2 Ke7 36. a5 Kf7 37. Kf3 f5 38. Kf4 Kf6 39. c4 Kg6 40. c5
Kf6 41. b4 e5+ 42. dxe5+ Ke6 43. b5 d4 44. c6 {Black resigns} 1-0

[Event "Team 45 45 League T64"]
[Site "Internet Chess Club"]
[Date "2015.03.09"]
[Round "1"]
[White "VictorRed"]
[Black "DOXDURAN"]
[Result "1-0"]
[WhiteElo "1857"]
[BlackElo "1767"]
[Opening "Queen's pawn game, Darooha variation "]
[ECO "D02"]
[Time "20:00:20"]
[TimeControl "2700+45"]

1. d4 Nf6 2. Nf3 d5 3. g3 Bf5 4. Bg2 e6 5. O-O Be7 6. Nc3 c6 7. Nh4 Bg6 8. Nxg6
hxg6 9. e4 Nbd7 10. e5 Nh5 11. g4 Qb6 12. gxh5 Rxh5 13. b3 O-O-O 14. Bf4 Rdh8
15. Na4 Qd8 16. c4 Bg5 17. Bg3 Bh4 18. cxd5 Bxg3 19. hxg3 exd5 20. Re1 Qg5 21.
Rc1 Qh6 22. Qf3 Kb8 23. Kf1 Rf5 24. Qe3 Qh2 25. Nc5 Nf8 26. Nd3 Ne6 27. Rc3 Ng5
28. g4 Ne4 29. Bxe4 dxe4 30. gxf5 Rh7 {Black resigns} 1-0

[Event "Team 45 45 League T64"]
[Site "Internet Chess Club"]
[Date "2015.03.08"]
[Round "1"]
[White "SirMorgan"]
[Black "chess9793"]
[Result "0-1"]
[WhiteElo "1999"]
[BlackElo "2061"]
[Opening "King's Indian: East Indian defense"]
[ECO "A48"]
[Time "16:01:38"]
[TimeControl "2700+45"]

1. d4 Nf6 2. Nf3 g6 3. b3 d5 4. e3 Bg7 5. Nbd2 O-O 6. Bd3 c5 7. O-O Nc6 8. Bb2
cxd4 9. Nxd4 Re8 10. N2f3 Nxd4 11. Bxd4 Bg4 12. Be5 Nd7 13. Bxg7 Kxg7 14. Bb5
Bxf3 15. Qxf3 e6 16. Rfd1 a6 17. Bf1 Qc7 18. Rac1 Nf6 19. c4 Qa5 20. cxd5 Nxd5
21. b4 Qxb4 22. Rc4 Qe7 23. h4 Qf6 24. Qg3 Rac8 25. Rcd4 h5 26. Bc4 Nb6 27. Rf4
Qe7 28. Be2 Nd5 29. Rxd5 exd5 30. Bxh5 Rh8 31. Bf3 Rc4 32. e4 dxe4 33. Be2 Rc2
34. Bf1 Rc5 35. Be2 Qe5 36. Qe3 Qc3 37. Qxe4 Re5 38. Qxb7 Qc1+ {White resigns}
0-1

[Event "Team 45 45 League T64"]
[Site "Internet Chess Club"]
[Date "2015.03.07"]
[Round "1"]
[White "JefferyChess"]
[Black "G-force"]
[Result "0-1"]
[WhiteElo "1785"]
[BlackElo "2051"]
[Opening "Sicilian: Hungarian variation"]
[ECO "B34"]
[Time "11:02:09"]
[TimeControl "2700+45"]

1. e4 c5 2. Nf3 g6 3. d4 cxd4 4. Nxd4 Nc6 5. Be2 Bg7 6. Be3 Nf6 7. Nc3 O-O 8.
O-O d5 9. Nxc6 bxc6 10. e5 Nd7 11. f4 e6 12. b4 f6 13. Bg4 fxe5 14. Bxe6+ Kh8
15. Bxd7 Bxd7 16. fxe5 Rxf1+ 17. Qxf1 Bxe5 18. Rd1 Bxc3 19. Bd4+ Bxd4+ 20. Rxd4
Bf5 21. c3 Qg5 22. Qe1 Be4 23. Rd2 Rf8 24. Re2 Kg7 25. Qd1 Bd3 26. Re1 Qf5 27.
Re7+ Kg8 28. Re1 Qf2+ 29. Kh1 Be4 30. Rg1 Rf4 31. h3 Qg3 {White resigns} 0-1

[Event "Team 45 45 League T64"]
[Site "Internet Chess Club"]
[Date "2015.03.07"]
[Round "1"]
[White "RubberDuck"]
[Black "hood"]
[Result "0-1"]
[WhiteElo "1885"]
[BlackElo "1927"]
[Opening "Grünfeld: exchange, classical variation"]
[ECO "D86"]
[Time "14:03:17"]
[TimeControl "2700+45"]

1. d4 Nf6 2. c4 g6 3. Nc3 d5 4. cxd5 Nxd5 5. e4 Nxc3 6. bxc3 Bg7 7. Bc4 c5 8.
Ne2 Nc6 9. Be3 Qc7 10. O-O O-O 11. Rc1 Rd8 12. Qa4 Bd7 13. Qa3 Na5 14. Bd3 c4
15. Bc2 e6 16. Rb1 b5 17. e5 Bc6 18. Qc1 a6 19. Bh6 Rab8 20. Bxg7 Kxg7 21. f4
Ba8 22. f5 exf5 23. Qg5 Kh8 24. Nf4 Re8 25. Qf6+ Kg8 26. Nh5 gxh5 27. Rxf5 Rb6
28. Rg5+ Kf8 29. Qg7+ Ke7 30. Rf1 Bd5 31. Rgf5 Rf8 32. Rf6 Qd8 33. Be4 Be6 34.
d5 Bxd5 35. Bxd5 Qxd5 36. Rxb6 Qc5+ {White resigns} 0-1

[Event "Team 45 45 League T64"]
[Site "Internet Chess Club"]
[Date "2015.03.08"]
[Round "1"]
[White "SAC2001"]
[Black "SaltofLife"]
[Result "1/2-1/2"]
[WhiteElo "1816"]
[BlackElo "1933"]
[Opening "Robatsch defense: two knights variation"]
[ECO "B06"]
[Time "15:00:30"]
[TimeControl "2700+45"]

1. e4 g6 2. d4 Bg7 3. Nf3 d6 4. Nc3 a6 5. Bc4 e6 6. O-O Ne7 7. Bg5 h6 8. Bh4 O-O
9. Qd2 Nd7 10. Rad1 b6 11. Rfe1 Bb7 12. Qe3 g5 13. Bg3 Ng6 14. e5 d5 15. Bd3 Ne7
16. h4 gxh4 17. Bxh4 Qe8 18. Qf4 Ng6 19. Qg4 Kh8 20. Bg3 Rg8 21. Nh4 Bf8 22. Qh3
c5 23. Nxg6+ fxg6 24. Qg4 Qf7 25. Bf1 Qf5 26. Qe2 Qg5 27. Qf3 Qf5 28. Qe2 Qg5
29. Qf3 Qf5 30. Qe2 {Game drawn by repetition} 1/2-1/2

[Event "Team 45 45 League T64"]
[Site "Internet Chess Club"]
[Date "2015.03.09"]
[Round "1"]
[White "FrankH-T"]
[Black "NFork"]
[Result "1-0"]
[WhiteElo "2276"]
[BlackElo "2187"]
[Opening "Dunst (Sleipner, Heinrichsen) opening"]
[ECO "A00"]
[Time "02:00:17"]
[TimeControl "2700+45"]

1. Nc3 d5 2. e4 d4 3. Nce2 c5 4. Ng3 Nc6 5. Nf3 h5 6. Bc4 h4 7. Ne2 e5 8. d3 Bd6
9. a3 Nh6 10. h3 Be6 11. Bxe6 fxe6 12. Bd2 Nf7 13. Qc1 Be7 14. b3 a6 15. a4 Rc8
16. c3 dxc3 17. Qxc3 Nb4 18. Nc1 Qd6 19. Be3 O-O 20. O-O b5 21. axb5 axb5 22.
Rd1 Rfd8 23. Ra5 Qb6 24. Qxb4 Rb8 25. Qc3 b4 26. Qa1 {Black resigns} 1-0

[Event "Team 45 45 League T64"]
[Site "Internet Chess Club"]
[Date "2015.03.05"]
[Round "1"]
[White "Magnus87"]
[Black "Zhbugnoimt"]
[Result "1-0"]
[WhiteElo "2096"]
[BlackElo "1948"]
[Opening "King's Indian: East Indian defense"]
[ECO "A48"]
[Time "13:00:49"]
[TimeControl "2700+45"]

1. d4 Nf6 2. Nf3 g6 3. Nc3 d5 4. Bf4 Bg7 5. e3 O-O 6. Be2 c5 7. Ne5 cxd4 8. exd4
Nc6 9. Nxc6 bxc6 10. Be5 Qb6 11. Na4 Qa5+ 12. c3 Nd7 13. Bxg7 Kxg7 14. O-O Qc7
15. Re1 a5 16. Rc1 e6 17. Qd2 Kg8 18. b3 Rd8 19. Qh6 e5 20. dxe5 Qxe5 21. Bb5
Qf6 22. Bf1 Ne5 23. f4 Ng4 24. Qg5 h6 25. Qxf6 Nxf6 26. Nc5 Rb8 27. Re7 Nd7 28.
Nxd7 Bxd7 29. Rd1 Kf8 30. Re5 Be6 31. Bd3 Kg7 32. h3 h5 33. Rde1 Kf6 34. Kf2 h4
35. Ke3 Rg8 36. Kd4 Rgc8 37. Kc5 Rc7 38. Rb1 Rg8 39. a4 Bf5 40. Bxf5 gxf5 41.
Re2 Rg3 42. Rc2 Re3 43. Kb6 Ree7 44. b4 Rc8 45. Rbb2 d4 46. cxd4 Rb8+ 47. Kc5
axb4 48. Rxb4 Ra8 49. Ra2 Re3 50. a5 Rc3+ 51. Kd6 {Black resigns} 1-0

[Event "Team 45 45 League T64"]
[Site "Internet Chess Club"]
[Date "2015.03.07"]
[Round "1"]
[White "Percival"]
[Black "MeWantCookie"]
[Result "0-1"]
[WhiteElo "2221"]
[BlackElo "2096"]
[Opening "Benkö gambit: main line"]
[ECO "A58"]
[Time "00:30:15"]
[TimeControl "2700+45"]

1. d4 Nf6 2. c4 c5 3. d5 b5 4. cxb5 a6 5. bxa6 g6 6. Nc3 Bxa6 7. e4 Bxf1 8. Kxf1
d6 9. Nf3 Bg7 10. g3 O-O 11. Kg2 Nbd7 12. a4 Ng4 13. Nd2 Nge5 14. Qe2 g5 15. h3
Qb6 16. Nb5 Qb7 17. Ra2 f5 18. Rd1 f4 19. gxf4 gxf4 20. f3 Kh8 21. b3 Rg8 22.
Rg1 Bf6+ 23. Kh2 Rxg1 24. Kxg1 Rg8+ 25. Kh2 Qc8 26. Nf1 Qe8 27. Bxf4 Qh5 28. Ng3
Qh4 29. Qe3 c4 30. Rg2 cxb3 31. Nf5 Qe1 32. Rxg8+ Kxg8 33. Qxe1 Nxf3+ 34. Kg3
Nxe1 35. Be3 b2 36. Na3 Nc2 37. Nb1 Nxe3 38. Nxe3 Nc5 39. a5 Nxe4+ 40. Kf4 Nc3
41. Na3 b1=Q 42. Nxb1 Nxb1 43. a6 Bd4 44. Nf5 Bc5 45. Nxe7+ Kf7 46. Nc6 Nc3 47.
a7 Nxd5+ 48. Kg5 Nc7 49. Kh6 Kg8 50. Ne7+ Kh8 51. Nd5 Na8 52. Nf6 Be3+ 53. Kh5
Bxa7 54. Kg5 Nc7 55. Kf5 Bd4 56. Ne4 d5 57. Ng5 Bg7 58. Nf3 Kg8 59. Ne1 Kf7 60.
Nd3 Ke7 61. h4 Ne6 62. h5 Bd4 63. Ne1 Ng7+ 64. Kg4 Be3 65. Nf3 d4 66. Ne5 Ke6
67. Nd3 Kd5 {White resigns} 0-1

[Event "Team 45 45 League T64"]
[Site "Internet Chess Club"]
[Date "2015.03.06"]
[Round "1"]
[White "f5"]
[Black "Ohanessian"]
[Result "0-1"]
[WhiteElo "2059"]
[BlackElo "1957"]
[Opening "Dutch"]
[ECO "A80"]
[Time "16:05:50"]
[TimeControl "2700+45"]

1. d4 f5 2. Nc3 Nf6 3. Bg5 d5 4. Bxf6 exf6 5. e3 Be6 6. Qf3 Qd7 7. Nge2 Bb4 8.
a3 Qa4 9. O-O-O Bxc3 10. Nxc3 Qd7 11. h3 Nc6 12. Bd3 Ne7 13. Qg3 g6 14. Nb5 Kd8
15. f3 a6 16. Nc3 b5 17. Qh4 g5 18. Qf2 Qd6 19. e4 b4 20. axb4 Qxb4 21. exd5
Nxd5 22. Nxd5 Bxd5 23. Bxf5 Rb8 24. c3 Qa4 25. Rde1 Qa1+ 26. Bb1 Bf7 27. Re4 Bg6
28. Rhe1 Re8 29. Rxe8+ Bxe8 30. Rxe8+ Kxe8 31. Qc2 Kf8 32. d5 a5 33. c4 a4 34.
Qc3 Kf7 35. Qc2 Ke8 36. c5 a3 37. Qa4+ Kd8 38. Qxa3 Qxa3 39. bxa3 Rb3 40. Bxh7
Rxa3 41. c6 Ke7 42. Be4 Kd6 43. g4 Ra1+ 44. Kd2 Rh1 45. Kc3 Rxh3 46. Kc4 Rh1 47.
Kb5 Rd1 48. Ka6 Rxd5 49. Kb7 Rb5+ 50. Kc8 Rb6 {White resigns} 0-1

[Event "Team 45 45 League T64"]
[Site "Internet Chess Club"]
[Date "2015.03.06"]
[Round "1"]
[White "Justi"]
[Black "justinchess"]
[Result "0-1"]
[WhiteElo "2028"]
[BlackElo "2311"]
[Opening "Sicilian: Canal-Sokolsky attack, 3...Bd7"]
[ECO "B52"]
[Time "19:30:48"]
[TimeControl "2700+45"]

1. e4 c5 2. Nf3 d6 3. Bb5+ Bd7 4. Bxd7+ Qxd7 5. d3 Nc6 6. Nc3 Nf6 7. Be3 e6 8.
h3 Be7 9. Qd2 O-O 10. O-O-O d5 11. e5 Ne8 12. Bf4 a5 13. g4 Nc7 14. g5 b5 15. h4
d4 16. Ne4 Qd5 17. Qe2 Qxa2 18. Nf6+ Bxf6 19. gxf6 c4 20. Rdg1 g6 21. h5 c3 22.
bxc3 Nd5 23. hxg6 Qa1+ {White resigns} 0-1

[Event "Team 45 45 League T64"]
[Site "Internet Chess Club"]
[Date "2015.03.07"]
[Round "1"]
[White "santiagoelawad"]
[Black "searchforbobby1"]
[Result "1/2-1/2"]
[WhiteElo "2059"]
[BlackElo "2049"]
[Opening "English: four knights, kingside fianchetto"]
[ECO "A29"]
[Time "08:08:24"]
[TimeControl "2700+45"]

1. c4 e5 2. Nc3 Nf6 3. Nf3 Nc6 4. g3 Bb4 5. Nd5 Bc5 6. d3 Nxd5 7. cxd5 Nd4 8.
Bg2 Nxf3+ 9. Bxf3 d6 10. O-O Bh3 11. Re1 O-O 12. Bd2 f5 13. b4 Bb6 14. e3 Qg5
15. a4 a6 16. Rc1 Rf7 17. Rc4 Re8 18. Rh4 Bg4 19. Bxg4 fxg4 20. Rxg4 Qf5 21. Qe2
Ref8 22. Rf1 Qd7 23. a5 Rf3 24. Rc4 Ba7 25. Kg2 Qf7 26. Kg1 Qh5 27. Qd1 Qf7 28.
Qe2 Qh5 29. Qd1 Qf7 {Game drawn by mutual agreement} 1/2-1/2

[Event "Team 45 45 League T64"]
[Site "Internet Chess Club"]
[Date "2015.03.06"]
[Round "1"]
[White "Monterrey"]
[Black "primerpaso"]
[Result "1-0"]
[WhiteElo "2072"]
[BlackElo "1872"]
[Opening "QGD: classical variation (5.Bf4)"]
[ECO "D37"]
[Time "20:31:03"]
[TimeControl "2700+45"]

1. d4 Nf6 2. Nf3 d5 3. c4 e6 4. Nc3 Be7 5. Bf4 O-O 6. e3 c5 7. dxc5 Bxc5 8. a3
a5 9. Qc2 Qe7 10. Rd1 Rd8 11. Bg5 dxc4 12. Bxc4 Rxd1+ 13. Kxd1 h6 14. h4 Nbd7
15. Kc1 b6 16. e4 hxg5 17. hxg5 Nh7 18. e5 Nxg5 19. Rh5 Nxe5 20. Nxg5 f5 21. Nd5
Qd8 22. Qd1 Nf7 23. Nxf7 Kxf7 24. Rxf5+ exf5 25. Qh5+ Ke6 26. Qg6+ Kd7 27. Bb5#
{Black checkmated} 1-0

[Event "Team 45 45 League T64"]
[Site "Internet Chess Club"]
[Date "2015.03.09"]
[Round "1"]
[White "Regista"]
[Black "Zkid"]
[Result "1/2-1/2"]
[WhiteElo "2265"]
[BlackElo "2277"]
[Opening "Sicilian: Nimzovich-Rossolimo attack (with ...g6, without ...d6)"]
[ECO "B31"]
[Time "16:27:07"]
[TimeControl "2700+45"]

1. Nf3 c5 2. e4 Nc6 3. Bb5 g6 4. Bxc6 dxc6 5. d3 Bg7 6. h3 Nf6 7. Nc3 Nd7 8. Be3
e5 9. Qd2 Qe7 10. Bh6 f6 11. Bxg7 Qxg7 12. a3 O-O 13. b4 Qe7 14. Ne2 a5 15. bxa5
Qd8 16. O-O Qxa5 17. Qh6 Rf7 18. Nh2 Nf8 19. Qe3 Ne6 20. Ng4 Rf8 21. f4 exf4 22.
Nxf4 Nxf4 23. Qxf4 Bxg4 24. Qxg4 Qc3 25. Rab1 Rf7 26. Qe6 Kg7 27. Rb3 Qd4+ {Game
drawn by mutual agreement} 1/2-1/2

[Event "Team 45 45 League T64"]
[Site "Internet Chess Club"]
[Date "2015.03.08"]
[Round "1"]
[White "Bubacik"]
[Black "chamozolano"]
[Result "1/2-1/2"]
[WhiteElo "2174"]
[BlackElo "2359"]
[Opening "Dutch, 2.Bg5 variation"]
[ECO "A80"]
[Time "12:00:29"]
[TimeControl "2700+45"]

1. d4 f5 2. Bg5 g6 3. Nc3 d5 4. Qd2 Bg7 5. h4 h6 6. Bf4 c6 7. Nf3 Nd7 8. O-O-O
Ngf6 9. Ne5 Nxe5 10. Bxe5 O-O 11. f3 b5 12. e3 a5 13. Ne2 Be6 14. Nf4 Bf7 15.
Bd3 Qe8 16. Rdg1 a4 17. g4 fxg4 18. Bxf6 exf6 19. Rxg4 f5 20. Rg3 Qe7 21. Nxg6
Bxg6 22. Rxg6 a3 23. b3 Rf6 24. Rg3 Raf8 25. Rhg1 R8f7 26. f4 b4 27. Qe2 Kh8 28.
Qg2 Kh7 29. Kd2 Kh8 30. Qf3 Qf8 31. Qg2 Qe7 32. Rg6 c5 33. Qxd5 cxd4 34. exd4
{Game drawn by mutual agreement} 1/2-1/2

[Event "Team 45 45 League T64"]
[Site "Internet Chess Club"]
[Date "2015.03.06"]
[Round "1"]
[White "Pomberito"]
[Black "DeepGreen"]
[Result "1/2-1/2"]
[WhiteElo "2052"]
[BlackElo "2016"]
[Opening "QGD: Cambridge Springs defense, Yugoslav variation"]
[ECO "D52"]
[Time "19:33:20"]
[TimeControl "2700+45"]

1. d4 d5 2. c4 c6 3. Nf3 Nf6 4. Nc3 e6 5. Bg5 Nbd7 6. e3 Qa5 7. cxd5 Nxd5 8. Rc1
Nxc3 9. bxc3 Ba3 10. Rc2 O-O 11. Bd3 e5 12. O-O Re8 13. e4 Bd6 14. Bh4 Nf8 15.
Bg3 Ng6 16. dxe5 Nxe5 17. Nxe5 Bxe5 18. f4 Bxc3 19. e5 g6 20. Qf3 Be6 21. f5
Bd4+ 22. Kh1 Bd5 23. Qg4 Bxe5 24. Re2 Bg7 25. Ref2 Qc3 26. fxg6 hxg6 27. Bb1 Re1
28. Rxf7 Rxb1 29. Rxg7+ Kxg7 30. Rxb1 Bxg2+ 31. Kg1 Bd5 32. Rxb7+ Bf7 33. Rxf7+
Kxf7 34. Qd7+ Kf6 35. Qd6+ Kf5 36. Qf4+ Ke6 37. Qd6+ Kf5 {Game drawn by mutual
agreement} 1/2-1/2

[Event "Team 45 45 League T64"]
[Site "Internet Chess Club"]
[Date "2015.03.06"]
[Round "1"]
[White "Woss"]
[Black "CHENENE"]
[Result "1/2-1/2"]
[WhiteElo "2178"]
[BlackElo "2086"]
[Opening "French: advance, Milner-Barry gambit"]
[ECO "B40"]
[Time "08:34:36"]
[TimeControl "2700+45"]

1. e4 c5 2. Nf3 e6 3. c3 Nc6 4. d4 d5 5. e5 Qb6 6. Bd3 cxd4 7. cxd4 Bd7 8. O-O
Nxd4 9. Nbd2 Nxf3+ 10. Nxf3 Ne7 11. Be3 Qa5 12. b4 Qd8 13. Bg5 h6 14. Bd2 a6 15.
a4 Nc6 16. Qb1 Be7 17. b5 axb5 18. axb5 Na5 19. Qa2 b6 20. Qa4 Rc8 21. Rfc1
Rxc1+ 22. Rxc1 Nb7 23. Qg4 Bf8 24. Nd4 Nc5 25. Bc2 Qa8 26. Qg3 g6 27. Bb4 Be7
28. Rd1 h5 29. h3 {Game drawn by mutual agreement} 1/2-1/2